3R
GERMANTOWN URUGUAYANS @ SHADY SIDE ZOOMIES
09/04/2042
 
TOP OF THE 1ST
Germantown Uruguayans batting - Pitching for Shady Side Zoomies : LHP Jeff Daniel
Pitching: LHP Jeff Daniel
Batting: RHB Kaaleppi Möttölä 0-0: Called Strike
0-1: Ball
1-1: Swinging Strike
1-2: SINGLE (Groundball, 4MD, EV 96.9 MPH)
Batting: RHB Bryce Farris 0-0: Foul Ball, location: 2F
0-1: Foul Ball, location: 2F
0-2: Strikes out swinging
Batting: RHB Halewijn Kraan 0-0: Called Strike
0-1: Ball
1-1: SINGLE (Groundball, 56D, EV 96.9 MPH)
Kaaleppi Möttölä to second
Batting: RHB Pepe Rodríguez 0-0: Ball
1-0: Called Strike
1-1: Swinging Strike
1-2: Foul Ball, location: 2F
1-2: Ball
2-2: Ball
3-2: Foul Ball, location: 2F
3-2: Strikes out looking
Batting: SHB Teddy York 0-0: Called Strike
0-1: Swinging Strike
0-2: SINGLE (Flyball, 9S, EV 85.0 MPH)
Kaaleppi Möttölä to third
Halewijn Kraan to second
Runner from 3rd tries for Home, SAFE, no throw by RF
Batting: RHB Karnamukha Thirunavu 0-0: Ball
1-0: Ball
2-0: Fly out, F4 (Popup, 4, EV 50.0 MPH)
Top of the 1st over - 1 run, 3 hits, 0 errors, 2 left on base; Germantown 1 - Shady Side 0
BOTTOM OF THE 1ST
Shady Side Zoomies batting - Pitching for Germantown Uruguayans : RHP King Nelson
Pitching: RHP King Nelson
Batting: RHB Kennet Knoppert 0-0: Called Strike
0-1: Ball
1-1: Fly out, F3 (Popup, 3S, EV 66.9 MPH)
Batting: SHB Kazuyuki Yagi 0-0: Called Strike
0-1: SINGLE (Line Drive, 56, EV 100.0 MPH)
Batting: LHB Jeremy Payne 0-0: Ball
1-0: SINGLE (Line Drive, 34D, EV 96.2 MPH)
Kazuyuki Yagi to second
Runner from 2nd tries for 3rd, SAFE, no throw by RF
Batting: LHB Martín Flores 0-0: Ball
Jeremy Payne steals 2nd base
1-0: Ball
2-0: Called Strike
2-1: Foul Ball, location: 2F
2-2: Ball
3-2: Strikes out looking
Batting: RHB Jesús Cortéz 0-0: Called Strike
0-1: Foul Ball, location: 2F
0-2: Ball
1-2: Foul Ball, location: 2F
1-2: Ball
2-2: SINGLE (Flyball, 9S, EV 98.1 MPH)
Kazuyuki Yagi scores
Jeremy Payne to third
Runner from 3rd tries for Home, SAFE, no throw by RF
Batting: RHB Dan Moreno 0-0: Fly out, F8 (Line Drive, 8LD, EV 105.0 MPH)
Bottom of the 1st over - 2 runs, 3 hits, 0 errors, 1 left on base; Germantown 1 - Shady Side 2
TOP OF THE 2ND
Germantown Uruguayans batting - Pitching for Shady Side Zoomies : LHP Jeff Daniel
Batting: RHB Job Wooddisse 0-0: Swinging Strike
0-1: Ball
1-1: Fly out, F4 (Popup, 4S, EV 75.0 MPH)
Batting: RHB Santiago Harmon 0-0: Foul Ball, location: 2F
0-1: Called Strike
0-2: Strikes out looking
Batting: LHB Bill Ware 0-0: Ball
1-0: Called Strike
1-1: Ball
2-1: Foul Ball, location: 2F
2-2: Foul Ball, location: 2F
2-2: Ball
3-2: Foul Ball, location: 2F
3-2: Foul Ball, location: 2F
3-2: Ground out 4-3 (Groundball, 4, EV 85.0 MPH)
Top of the 2nd over - 0 runs, 0 hits, 0 errors, 0 left on base; Germantown 1 - Shady Side 2
BOTTOM OF THE 2ND
Shady Side Zoomies batting - Pitching for Germantown Uruguayans : RHP King Nelson
Batting: RHB Juan Viloria 0-0: Ball
1-0: Ball
2-0: Called Strike
2-1: Ball
3-1: Swinging Strike
3-2: Strikes out swinging, 2-3 out at first.
Batting: RHB Roy Howard 0-0: Foul Ball, location: 2F
0-1: Ball
1-1: Called Strike
1-2: Strikes out swinging
Batting: RHB Chad MacLeod 0-0: Ball
1-0: Called Strike
1-1: Called Strike
1-2: Ball
2-2: Foul Ball, location: 2F
2-2: Foul Ball, location: 2F
2-2: Ball
3-2: Base on Balls
Batting: RHB Kennet Knoppert 0-0: Called Strike
0-1: Ball
1-1: Ball
2-1: SINGLE (Groundball, 6MD, EV 101.2 MPH)
Chad MacLeod to second
Runner from 2nd tries for 3rd, SAFE, throw by CF made to third
Batting: SHB Kazuyuki Yagi 0-0: SINGLE (Groundball, 56D, EV 110.6 MPH)
Chad MacLeod scores
Kennet Knoppert to second
Batting: LHB Jeremy Payne 0-0: Ball
1-0: Fly out, F5 (Popup, 5SF, EV 88.1 MPH)
Bottom of the 2nd over - 1 run, 2 hits, 0 errors, 2 left on base; Germantown 1 - Shady Side 3
TOP OF THE 3RD
Germantown Uruguayans batting - Pitching for Shady Side Zoomies : LHP Jeff Daniel
Batting: RHB Kaaleppi Möttölä 0-0: Swinging Strike
0-1: TRIPLE (Line Drive, 78XD, EV 108.8 MPH)
Batting: RHB Bryce Farris 0-0: Swinging Strike
0-1: Foul Ball, location: 2F
0-2: Ball
1-2: Ball
2-2: Strikes out swinging
Batting: RHB Halewijn Kraan 0-0: Ball
1-0: Ball
2-0: Foul Ball, location: 2F
2-1: Fly out, F7 (Flyball, 78S, EV 87.5 MPH)
Batting: RHB Pepe Rodríguez 0-0: Called Strike
0-1: SINGLE (Groundball, 6MD, EV 96.9 MPH)
Kaaleppi Möttölä scores
Batting: SHB Teddy York 0-0: Ball
1-0: Swinging Strike
1-1: SINGLE (Groundball, 34D, EV 95.6 MPH)
Pepe Rodríguez to second
Runner from 2nd tries for 3rd, SAFE, throw by RF made to third
Batting: RHB Karnamukha Thirunavu 0-0: Called Strike
0-1: Called Strike
0-2: Ball
1-2: Ball
2-2: Ball
3-2: Ground out 6-3 (Groundball, 56, EV 85.0 MPH)
Top of the 3rd over - 1 run, 3 hits, 0 errors, 2 left on base; Germantown 2 - Shady Side 3
BOTTOM OF THE 3RD
Shady Side Zoomies batting - Pitching for Germantown Uruguayans : RHP King Nelson
Batting: LHB Martín Flores 0-0: Ball
1-0: Called Strike
1-1: Called Strike
1-2: Ball
2-2: Ball
3-2: Ground out 5-3 (Groundball, 56, EV 85.0 MPH)
Batting: RHB Jesús Cortéz 0-0: Swinging Strike
0-1: SINGLE (Line Drive, 4D, EV 105.6 MPH)
Batting: RHB Dan Moreno 0-0: Called Strike
0-1: Swinging Strike
0-2: Strikes out looking and he ARGUES THE CALL AND IS TOSSED!
Batting: RHB Juan Viloria 0-0: Swinging Strike
0-1: Ball
1-1: Ball
2-1: Ground out 4-3 (Groundball, 4M, EV 85.0 MPH)
Bottom of the 3rd over - 0 runs, 1 hit, 0 errors, 1 left on base; Germantown 2 - Shady Side 3
TOP OF THE 4TH
Germantown Uruguayans batting - Pitching for Shady Side Zoomies : LHP Jeff Daniel
Now at 3B: Stanley Good
Batting: RHB Job Wooddisse 0-0: Ball
1-0: Ball
2-0: SINGLE (Line Drive, 89S, EV 90.6 MPH)
Batting: RHB Santiago Harmon 0-0: Ball
Wild Pitch!
Job Wooddisse to second
1-0: Ball
2-0: Called Strike
2-1: Ball
3-1: Base on Balls
Batting: LHB Bill Ware 0-0: Ball
1-0: Called Strike
1-1: Foul Ball, location: 2F
1-2: Fly out, F3 (Popup, 3SF, EV 81.2 MPH)
Batting: RHB Kaaleppi Möttölä 0-0: Fly out, F5 (Popup, 56, EV 68.8 MPH)
Batting: RHB Bryce Farris 0-0: Ball
1-0: SINGLE (Groundball, 4D, EV 103.8 MPH)
Job Wooddisse to third
Santiago Harmon to second
Runner from 3rd tries for Home, SAFE, throw by RF to home
Batting: RHB Halewijn Kraan 0-0: Foul Ball, location: 2F
0-1: Fly out, F7 (Flyball, 7LM, EV 85.0 MPH)
Top of the 4th over - 1 run, 2 hits, 0 errors, 2 left on base; Germantown 3 - Shady Side 3
BOTTOM OF THE 4TH
Shady Side Zoomies batting - Pitching for Germantown Uruguayans : RHP King Nelson
Batting: RHB Roy Howard 0-0: Ball
1-0: Foul Ball, location: 2F
1-1: Foul Ball, location: 2F
1-2: Strikes out swinging
Batting: RHB Chad MacLeod 0-0: Ball
1-0: SINGLE (Flyball, 7S, EV 82.5 MPH)
Batting: RHB Kennet Knoppert 0-0: Ball
1-0: Ball
2-0: Fly out, F6 (Flyball, 56D, EV 90.0 MPH)
Batting: SHB Kazuyuki Yagi 0-0: Ball
1-0: Fielders Choice at 2nd, 6-4 (Groundball, 6, EV 83.8 MPH)
Bottom of the 4th over - 0 runs, 1 hit, 0 errors, 1 left on base; Germantown 3 - Shady Side 3
TOP OF THE 5TH
Germantown Uruguayans batting - Pitching for Shady Side Zoomies : LHP Jeff Daniel
Batting: RHB Pepe Rodríguez 0-0: Called Strike
0-1: Foul Ball, location: 2F
0-2: Ball
1-2: Ball
2-2: TRIPLE (Flyball, 89XD, EV 107.5 MPH)
Batting: SHB Teddy York 0-0: Ball
1-0: Ball
2-0: Foul Ball, location: 2F
2-1: Called Strike
2-2: Strikes out looking
Batting: RHB Karnamukha Thirunavu 0-0: Called Strike
0-1: Called Strike
0-2: Ball
1-2: Ball
2-2: Foul Ball, location: 2F
2-2: Fly out, F9 (Flyball, 89D, EV 95.0 MPH)
Runner from 3rd tags up, SCORES, throw by RF
Batting: RHB Job Wooddisse 0-0: Ball
1-0: Swinging Strike
1-1: Ball
2-1: Fly out, F3 (Line Drive, 3, EV 66.2 MPH)
Top of the 5th over - 1 run, 1 hit, 0 errors, 0 left on base; Germantown 4 - Shady Side 3
BOTTOM OF THE 5TH
Shady Side Zoomies batting - Pitching for Germantown Uruguayans : RHP King Nelson
Batting: LHB Jeremy Payne 0-0: Ball
1-0: Foul Ball, location: 2F
1-1: Ball
2-1: Foul Ball, location: 2F
2-2: Ball
3-2: SINGLE (Groundball, 25, EV 61.9 MPH) (infield hit)
Batting: LHB Martín Flores 0-0: Ball
1-0: Called Strike
1-1: Ball
2-1: Ball
3-1: Base on Balls
Jeremy Payne to second
Batting: RHB Jesús Cortéz 0-0: Ball
1-0: Called Strike
1-1: Ball
2-1: Ball
3-1: Base on Balls
Jeremy Payne to third
Martín Flores to second
Batting: SHB Stanley Good 0-0: Called Strike
0-1: DOUBLE (Flyball, 89XD, EV 98.1 MPH)
Jeremy Payne scores
Martín Flores scores
Jesús Cortéz to third
Pitching: RHP Fernando Rojas
Batting: RHB Juan Viloria 0-0: Ball
1-0: Swinging Strike
1-1: Ground out U3 (Groundball, 34, EV 83.1 MPH)
Jesús Cortéz scores
Stanley Good to third
Batting: RHB Roy Howard 0-0: Ball
1-0: Called Strike
1-1: Ball
2-1: Ball
3-1: Called Strike
3-2: Base on Balls
Batting: RHB Chad MacLeod 0-0: Called Strike
0-1: Fly out, F6 (Popup, 6D, EV 52.5 MPH)
Batting: RHB Kennet Knoppert 0-0: Called Strike
0-1: Ball
1-1: Foul Ball, location: 2F
1-2: DOUBLE (Line Drive, 78M, EV 106.2 MPH)
Stanley Good scores
Roy Howard to third
Runner from 3rd tries for Home, SAFE, no throw by LF
Batting: SHB Kazuyuki Yagi 0-0: Fly out, F7 (Flyball, 7D, EV 96.2 MPH)
Bottom of the 5th over - 5 runs, 3 hits, 0 errors, 1 left on base; Germantown 4 - Shady Side 8
TOP OF THE 6TH
Germantown Uruguayans batting - Pitching for Shady Side Zoomies : LHP Jeff Daniel
Pitching: RHP Ty Schneider
Batting: RHB Santiago Harmon 0-0: Called Strike
0-1: Foul Ball, location: 2F
0-2: Ball
1-2: Foul Ball, location: 2F
1-2: DOUBLE (Line Drive, 9LD, EV 109.4 MPH)
Batting: LHB Bill Ware 0-0: Swinging Strike
0-1: Ball
1-1: Ball
2-1: Foul Ball, location: 2F
2-2: Foul Ball, location: 2F
2-2: Strikes out looking
Batting: RHB Kaaleppi Möttölä 0-0: Foul Ball, location: 2F
0-1: Ball
1-1: Ball
2-1: Swinging Strike
2-2: Strikes out swinging
Batting: RHB Bryce Farris 0-0: Ball
1-0: Ball
2-0: SINGLE (Groundball, 6MD, EV 94.4 MPH)
Santiago Harmon to third
Batting: RHB Halewijn Kraan 0-0: Called Strike
0-1: Fielders Choice at 2nd, 6-4 (Groundball, 6, EV 84.4 MPH)
Top of the 6th over - 0 runs, 2 hits, 0 errors, 2 left on base; Germantown 4 - Shady Side 8
BOTTOM OF THE 6TH
Shady Side Zoomies batting - Pitching for Germantown Uruguayans : RHP Fernando Rojas
Batting: LHB Jeremy Payne 0-0: Fly out, F9 (Flyball, 9S, EV 90.6 MPH)
Batting: LHB Martín Flores 0-0: Ground out 2-3 (Groundball, 2L, EV 65.0 MPH)
Batting: RHB Jesús Cortéz 0-0: Fly out, F7 (Flyball, 7S, EV 81.9 MPH)
Bottom of the 6th over - 0 runs, 0 hits, 0 errors, 0 left on base; Germantown 4 - Shady Side 8
TOP OF THE 7TH
Germantown Uruguayans batting - Pitching for Shady Side Zoomies : RHP Ty Schneider
Batting: RHB Pepe Rodríguez 0-0: Ball
1-0: Ball
2-0: Ball
3-0: Called Strike
3-1: Base on Balls
Batting: SHB Teddy York 0-0: Fly out, F6 (Flyball, 6MD, EV 86.2 MPH)
Batting: RHB Karnamukha Thirunavu 0-0: Foul Ball, location: 2F
0-1: Ball
1-1: Fly out, F8 (Flyball, 8LS, EV 90.0 MPH)
Batting: RHB Job Wooddisse 0-0: Fielders Choice at 2nd, 5-4 (Groundball, 56, EV 91.2 MPH)
Top of the 7th over - 0 runs, 0 hits, 0 errors, 1 left on base; Germantown 4 - Shady Side 8
BOTTOM OF THE 7TH
Shady Side Zoomies batting - Pitching for Germantown Uruguayans : RHP Fernando Rojas
Batting: SHB Stanley Good 0-0: Ball
1-0: Ground out U3 (Groundball, 34, EV 110.0 MPH)
Batting: RHB Juan Viloria 0-0: Fly out, F6 (Popup, P, EV 77.5 MPH)
Batting: RHB Roy Howard 0-0: Fly out, F3 (Popup, 3SF, EV 68.8 MPH)
Bottom of the 7th over - 0 runs, 0 hits, 0 errors, 0 left on base; Germantown 4 - Shady Side 8
TOP OF THE 8TH
Germantown Uruguayans batting - Pitching for Shady Side Zoomies : RHP Ty Schneider
Batting: RHB Santiago Harmon 0-0: Ball
1-0: Ground out 2-3 (Groundball, 2L, EV 68.1 MPH)
Batting: LHB Bill Ware 0-0: Called Strike
0-1: Called Strike
0-2: Foul Ball, location: 2F
0-2: Ground out 1-3 (Groundball, 13, EV 86.9 MPH)
Batting: RHB Kaaleppi Möttölä 0-0: Called Strike
0-1: Ball
1-1: Ball
2-1: Foul Ball, location: 2F
2-2: SINGLE (Line Drive, 89S, EV 106.2 MPH)
Pitching: LHP Bhunandana Lecamwasam
Batting: RHB Bryce Farris 0-0: Foul Ball, location: 2F
0-1: Ball
1-1: Foul Ball, location: 2F
1-2: Ball
2-2: Strikes out swinging
Top of the 8th over - 0 runs, 1 hit, 0 errors, 1 left on base; Germantown 4 - Shady Side 8
BOTTOM OF THE 8TH
Shady Side Zoomies batting - Pitching for Germantown Uruguayans : RHP Fernando Rojas
Batting: RHB Chad MacLeod 0-0: DOUBLE (Flyball, 8LXD, EV 96.2 MPH)
Batting: RHB Kennet Knoppert 0-0: Sac Bunt to 2L - play at first, batter OUT! 2-3
Chad MacLeod to third
Batting: SHB Kazuyuki Yagi 0-0: Ball
1-0: Called Strike
1-1: Foul Ball, location: 5F, Error on foul ball, E5
1-2: Ball
2-2: Ball
3-2: SINGLE (Groundball, 4MD, EV 99.4 MPH)
Chad MacLeod scores
Batting: LHB Jeremy Payne 0-0: Called Strike
0-1: Ball
1-1: Ball
2-1: Foul Ball, location: 2F
2-2: DOUBLE (Line Drive, 8RXD, EV 102.5 MPH)
Kazuyuki Yagi to third
Batting: LHB Martín Flores 0-0: Called Strike
0-1: Ball
1-1: Ball
2-1: Swinging Strike
2-2: Ball
3-2: SINGLE (Groundball, 13, EV 73.8 MPH) (infield hit)
Batting: RHB Jesús Cortéz 0-0: Fly out, F7 (Flyball, 7LM, EV 88.8 MPH)
Batting: SHB Stanley Good 0-0: Ball
1-0: Ball
2-0: Called Strike
2-1: Foul Ball, location: 2F
2-2: Strikes out swinging
Bottom of the 8th over - 1 run, 4 hits, 1 error, 3 left on base; Germantown 4 - Shady Side 9
TOP OF THE 9TH
Germantown Uruguayans batting - Pitching for Shady Side Zoomies : LHP Bhunandana Lecamwasam
Batting: RHB Halewijn Kraan 0-0: Called Strike
0-1: Ball
1-1: Ball
2-1: Ground out 6-3 (Groundball, 6D, EV 103.1 MPH)
Batting: RHB Pepe Rodríguez 0-0: Swinging Strike
0-1: Ball
1-1: Swinging Strike
1-2: Ball
2-2: Strikes out looking
Batting: SHB Teddy York 0-0: Ball
1-0: Swinging Strike
1-1: Swinging Strike
1-2: Ball
2-2: Strikes out looking
Top of the 9th over - 0 runs, 0 hits, 0 errors, 0 left on base; Germantown 4 - Shady Side 9
Friday, March 26th, 2021 - OOTP Baseball 20.8 Build 74